 Dungeon Crawl Stone Soup version 0.18.1-8-gdd0e5ea (webtiles) character file.

62 Nimbul the Charlatan (level 4, -4/27 HPs)
             Began as a Kobold Artificer on May 30, 2016.
             Slain by manyhoops's ghost (10 damage)
             ... on level 3 of the Dungeon.
             The game lasted 00:09:13 (1553 turns).

Nimbul the Charlatan (Kobold Artificer)             Turns: 1553, Time: 00:09:13

Health: -4/27      AC:  3    Str: 10    XL:     4   Next: 28%
Magic:  6/6        EV: 15    Int: 10    God:
Gold:   31         SH:  0    Dex: 21    Spells: 0 memorised, 3 levels left

rFire  . . .     SeeInvis .     v - +1 dagger (venom)
rCold  . . .     Gourm    .     b - +0 leather armour
rNeg   . . .     Faith    .     (shield restricted)
rPois  .         Spirit   .     (no helmet)
rElec  .         Dismiss  .     (no cloak)
rCorr  .         Reflect  .     (no gloves)
SustAt .         Harm     .     (no boots)
MR     .....                    (no amulet)
Stlth  +++.......               (no ring)
                                g - ring of wizardry

@: agile, not resistant to hostile enchantments, fairly stealthy
A: carnivore 3
a: no special abilities


You were on level 3 of the Dungeon.
You were not hungry.

You visited 1 branch of the dungeon, and saw 3 of its levels.

You collected 31 gold pieces.

Inventory:

Hand Weapons
 a - a +0 short sword
 v - a +1 dagger of venom (weapon)
Missiles
 h - 38 stones (quivered)
 k - 21 sling bullets
Armour
 b - a +0 leather armour (worn)
 d - a +0 ring mail
Jewellery
 g - a ring of wizardry (left hand)
Wands
 e - a wand of enslavement (23/24)
 f - a wand of flame (8/48)
 r - a wand of random effects (11/48)
Scrolls
 i - a scroll of identify
Potions
 j - a potion of cure mutation
Comestibles
 c - 3 meat rations


   Skills:
 * Level 2.9 Fighting
 * Level 3.2 Short Blades
 - Level 2.4 Dodging
 - Level 1.3 Stealth
 + Level 3.9 Evocations


You had 3 spell levels left.
You didn't know any spells.

Dungeon Overview and Level Annotations

Branches:
Dungeon (3/15)

Altars:
Cheibriados

Annotations:
D:3 manyhoops's ghost, amateur OgBe


Innate Abilities, Weirdness & Mutations

You are small and have problems with some larger weapons.
You are carnivorous and can eat meat at any time.


Message History

You hit manyhoops's ghost.
Manyhoops's ghost is severely damaged.
Manyhoops's ghost hits you.
You hit manyhoops's ghost but do no damage.
Manyhoops's ghost is severely damaged.
Manyhoops's ghost barely misses you.
You hit manyhoops's ghost but do no damage.
Manyhoops's ghost is severely damaged.
Manyhoops's ghost completely misses you.
You closely miss manyhoops's ghost.
Manyhoops's ghost is severely damaged.
Manyhoops's ghost hits you!
Ouch! That really hurt!
* * * LOW HITPOINT WARNING * * *
You hit manyhoops's ghost but do no damage.
Manyhoops's ghost is severely damaged.
Manyhoops's ghost barely misses you.
There is a stone staircase leading up here.
Manyhoops's ghost hits you!
You die...

#.# #.#.# .####.###
#.#. #.......# #..
##.## #.# ##
#...#####.###.
#######.............
#.............#.###.
#.###.#..####.#.# #.
#..@W.........#.# #.
#.#.###.#..####.#.#
#. .........[..#
#.#.# #.
#.#.###.##..# #.#.#
#.
#...........###.#.#
#.
###.###.....##....#
#...........#
#.##..##...####
#.##............


You could see manyhoops's ghost.

Vanquished Creatures
  2 adders (D:2)
  A dart slug (D:2)
  A giant gecko (D:2)
  A ball python (D:2)
  2 bats (D:2)
  3 giant cockroaches
  5 goblins
  4 hobgoblins
  7 jackals
  2 kobolds
  4 giant newts
  3 rats
35 creatures vanquished.

Vanquished Creatures (others)
  A quokka (D:2)
1 creature vanquished.

Grand Total: 36 creatures vanquished

Notes
Turn   | Place    | Note
--------------------------------------------------------------
     0 | D:1      | Nimbul the Kobold Artificer began the quest for the Orb.
     0 | D:1      | Reached XP level 1. HP: 12/12 MP: 3/3
   309 | D:1      | Reached XP level 2. HP: 14/17 MP: 4/4
   879 | D:2      | Reached XP level 3. HP: 21/21 MP: 5/5
   894 | D:2      | Found a snail-covered altar of Cheibriados.
  1104 | D:2      | Reached XP level 4. HP: 27/27 MP: 6/6
  1516 | D:3      | Noticed manyhoops's ghost (amateur OgBe)
  1553 | D:3      | Slain by manyhoops's ghost

Skill      XL: |  1  2  3 |
---------------+----------+-----
Short Blades   | 2 3 |  3.2
Fighting       | 2 |  2.9
Dodging        | |  2.4
Stealth        | |  1.3
Evocations     | |  3.9

Action                   |  1- 3 |  4- 6 || total
-------------------------+-------+-------++-------
Melee: Short sword       |    77 |       ||    77
       Dagger            |     6 |    40 ||    46
Throw: Stone             |    17 |    11 ||    28
Evoke: Wand              |     3 |     9 ||    12
  Use: Scroll            |     4 |     2 ||     6
       Potion            |     1 |     2 ||     3
 Stab: Sleeping          |     1 |     1 ||     2
  Eat: Chunk             |     4 |     1 ||     5
Armor: Leather armour    |    14 |     3 ||    17
Dodge: Dodged            |    65 |    23 ||    88
